SEATTLE Kraken vs CALGARY Flames

Created - 29 février 2024 at 16:11

Goals
1 2 3 T
SEATTLE Kraken 0 0 0 0
CALGARY Flames 0 2 3 5
Shots
1 2 3 T
SEATTLE Kraken 4 2 8 14
CALGARY Flames 13 13 15 41

1st period

No Goal

Penalties :
Boone Jenner (CGY) for Tripping (Minor) at 5:53, Matt Martin (SEA) for Roughing (Minor) at 9:40, Luke Kunin (SEA) for Tripping (Minor) at 14:44, A.J. Greer (CGY) for Interference (Minor) at 17:19, Jordan Greenway (SEA) for Roughing (Minor) at 18:56

2nd period

1. CALGARY Flames , Boone Jenner 9 (Lawson Crouse 9) at 0:08 (PP)
2. CALGARY Flames , Charlie Coyle 11 (Quinn Hughes 22, Charlie McAvoy 25) at 8:34

Penalties :
Brendan Lemieux (SEA) for Holding (Minor) at 0:38, Jakub Zboril (SEA) for High sticking (Minor) at 0:49, Givani Smith (SEA) for Tripping (Minor) at 4:35, Matt Martin (SEA) for High sticking (Minor) at 13:57

3rd period

3. CALGARY Flames , Charlie Coyle 12 (Boone Jenner 13, Darnell Nurse 23) at 1:54 (PP)
4. CALGARY Flames , Josh Brown 2 (Keegan Kolesar 2) at 4:15
5. CALGARY Flames , Daniel Sprong 10 (Darnell Nurse 24, Jamie Oleksiak 15) at 9:35

Penalties :
Jakub Zboril (SEA) for Tripping (Minor) at 1:34, Alexei Toropchenko (CGY) for High sticking (Minor) at 14:03, Keegan Kolesar (CGY) for Boarding (Minor) at 19:00

Goalie Stats

Sergei Bobrovsky (SEA), 36 saves from 41 shots - (0,878), L, 9-19-6, 60:00 minutes
Stuart Skinner (CGY), 14 saves from 14 shots - (1,000), W, 15-6-2, 60:00 minutes

Players Stats for SEATTLE Kraken

Player Name              G  A  P  +/- PIM S  H  SB GA TA FO     MP     PP MP  PK MP  
------------------------------------------------------------------------------------
Arber Xhekaj             0  0  0   0  0   0  2  1  0  0  0/0    14:04   0:00   0:00 
Brendan Lemieux          0  0  0  -1  2   1  4  1  0  0  4/16   24:41   2:26   5:12 
Givani Smith             0  0  0  -1  2   0  0  0  0  0  1/2    10:35   0:00   0:00 
Jake Gardiner            0  0  0  -2  0   0  1  1  0  0  0/0    25:40   3:06   5:07 
Jakub Zboril             0  0  0   0  4   1  4  1  0  0  0/0    23:09   3:57   4:05 
Joel Hanley              0  0  0  -1  0   1  3  1  0  0  0/0    17:59   3:28   5:34 
John Hayden              0  0  0   0  0   0  0  0  0  0  0/0     0:03   0:00   0:03 
Jordan Greenway          0  0  0   0  2   1  2  0  0  0  1/6    19:15   3:06   4:17 
Jordan Gross             0  0  0  -1  0   0  2  0  0  0  0/0    16:06   0:00   6:09 
Liam O'Brien             0  0  0  -1  0   2  3  0  0  0  0/0    17:57   0:41   2:46 
Luke Kunin               0  0  0   0  2   1  1  0  0  0  12/26  20:36   3:07   5:16 
Mathieu Olivier          0  0  0  -1  0   1  0  0  0  0  3/7    10:36   0:00   0:00 
Matt Martin              0  0  0  -1  4   1  3  0  0  0  2/2    19:22   3:27   1:49 
Matty Beniers            0  0  0  -1  0   3  0  0  0  0  9/17   17:35   3:27   0:00 
Radko Gudas              0  0  0  -2  0   1  6  0  0  0  0/0    23:00   2:37   1:36 
Ryan Kesler              0  0  0  -1  0   0  0  0  0  0  2/5     6:30   0:00   1:18 
Wayne Simmonds           0  0  0  -1  0   1  1  1  0  0  0/0    14:06   3:27   0:03 
Zack MacEwen             0  0  0  -1  0   0  1  0  0  0  1/5     5:12   0:00   0:00 

Players Stats for CALGARY Flames

Player Name              G  A  P  +/- PIM S  H  SB GA TA FO     MP     PP MP  PK MP  
------------------------------------------------------------------------------------
A.J. Greer               0  0  0   0  2   1  0  0  0  0  0/1     8:18   0:00   0:00 
Alex Newhook             0  0  0   0  0   1  3  0  0  0  1/1    16:05   4:29   0:00 
Alexei Toropchenko       0  0  0   0  2   1  0  0  0  0  0/0     8:18   0:00   0:00 
Boone Jenner             1  1  2   0  2   3  1  0  0  0  17/26  19:08   6:47   0:24 
Charlie Coyle            2  0  2   2  0   5  3  0  0  0  14/24  21:24   6:47   3:24 
Charlie McAvoy           0  1  1   1  0   4  3  1  0  0  0/0    25:47   6:07   3:17 
Cole Perfetti            0  0  0   2  0   0  1  0  0  0  0/0    11:13   0:00   0:00 
Daniel Sprong            1  0  1   2  0   1  0  0  0  0  1/2    15:42   4:29   0:00 
Darnell Nurse            0  2  2   1  0   5  1  0  0  0  0/0    23:15   5:09   4:02 
Jamie Oleksiak           0  1  1   1  0   2  1  0  0  0  0/0    22:30   5:09   3:17 
Johnathan Kovacevic      0  0  0   1  0   0  8  1  0  0  0/0    11:43   0:00   0:00 
Josh Brown               1  0  1   1  0   3  2  2  0  0  0/0    11:43   0:00   0:00 
Keegan Kolesar           0  1  1   1  2   2  3  0  0  0  0/0    13:25   0:00   2:46 
Lawson Crouse            0  1  1   0  0   3  1  0  0  0  0/1    22:09   6:47   3:24 
Michael Rasmussen        0  0  0   1  0   5  2  0  0  0  12/25  18:19   4:29   3:10 
Philipp Kurashev         0  0  0   1  0   2  0  0  0  0  0/0    10:40   0:00   0:00 
Quinn Hughes             0  1  1   1  0   2  0  1  0  0  0/0    25:02   6:07   2:32 
Ty Dellandrea            0  0  0   0  0   1  0  0  0  0  6/6     8:19   0:00   0:00 

3 Stars

1 - Charlie Coyle (CGY)
2 - Josh Brown (CGY)
3 - Daniel Sprong (CGY)

Power Play

SEATTLE Kraken - 0 on 4 Attempt(s) - 0,00%
CALGARY Flames - 2 on 8 Attempt(s) - 25,00%

Penalty Kill

SEATTLE Kraken - 6 on 8 Attempt(s) - 75,00% - Score 0 goal in Penalty Kill
CALGARY Flames - 4 on 4 Attempt(s) - 100,00% - Score 0 goal in Penalty Kill

Team Stat

SEATTLE Kraken - Hits : 33 - Faceoff Wins : 35 - Blocked Shots : 6 - Penalty Minutes : 16
CALGARY Flames - Hits : 29 - Faceoff Wins : 51 - Blocked Shots : 5 - Penalty Minutes : 8

Official

Referees : Jon McIsaac and Kelly Sutherland
Linesman : Erica Holmes and Scott Cherrey

Game Notes

No Game Note

Finance

Level 1 -- Attendance: 5302 (88,37%) -- Ticket Income $530,200
Level 2 -- Attendance: 4087 (81,74%) -- Ticket Income $245,220
Level 3 -- Attendance: 2000 (100,00%) -- Ticket Income $70,000
Level 4 -- Attendance: 4000 (100,00%) -- Ticket Income $80,000
Luxury Box -- Attendance: 814 (81,40%) -- Ticket Income $162,800
Game was played at the Scotiabank Saddledome.
Total Attendance: 16203 (90,02%)
Total Ticket Income: $1,088,220
Other Income: $272,055
Total Income: $1,360,275

SEATTLE Kraken

5 vs 5 Forward 
   Center                   Left Wing                Right Wing               Time % Phy DF OF 
 1 Luke Kunin               Brendan Lemieux          Jordan Greenway          40     1   2  2  
 2 Matty Beniers            Matt Martin              Liam O'Brien             30     1   2  2  
 3 Zack MacEwen             Ryan Kesler              Brendan Lemieux          20     1   2  2  
 4 Mathieu Olivier          Wayne Simmonds           Givani Smith             10     1   2  2  

5 vs 5 Defense 
   Defense                  Defense                                           Time % Phy DF OF 
 1 Radko Gudas              Jake Gardiner                                     40     1   2  2  
 2 Jakub Zboril             Arber Xhekaj                                      30     1   2  2  
 3 Jordan Gross             Joel Hanley                                       20     1   2  2  
 4 Radko Gudas              Jake Gardiner                                     10     1   2  2  

PowerPlay Forward 
   Center                   Left Wing                Right Wing               Time % Phy DF OF 
 1 Luke Kunin               Brendan Lemieux          Jordan Greenway          60     1   2  2  
 2 Matty Beniers            Matt Martin              Wayne Simmonds           40     1   2  2  

PowerPlay Defense
   Defense                  Defense                                           Time % Phy DF OF 
 1 Radko Gudas              Joel Hanley                                       60     1   2  2  
 2 Jakub Zboril             Jake Gardiner                                     40     1   2  2  

Penalty Kill 4 Players Forward 
   Center                   Wing                     Time % Phy DF OF 
 1 Brendan Lemieux          Luke Kunin               60     1   2  2  
 2 Jordan Greenway          Matt Martin              40     1   2  2  

Penalty Kill 4 Players Defense
   Defense                  Defense                  Time % Phy DF OF 
 1 Jake Gardiner            Jordan Gross             60     1   2  2  
 2 Jakub Zboril             Joel Hanley              40     1   2  2  

Penalty Kill - 3 Players Forward 
   Forward                                           Time % Phy DF OF 
 1 Jordan Greenway                                   60     1   2  2  
 2 Luke Kunin                                        40     1   2  2  

Penalty Kill - 3 Players Defense
   Defense                  Defense                  Time % Phy DF OF 
 1 Radko Gudas              Joel Hanley              60     1   2  2  
 2 Jakub Zboril             Jordan Gross             40     1   2  2  

4 vs 4 Forward 
   Center                   Wing                     Time % Phy DF OF 
 1 Luke Kunin               Jordan Greenway          60     1   2  2  
 2 Brendan Lemieux          Matt Martin              40     1   2  2  

4 vs 4 Defense
   Defense                  Defense                  Time % Phy DF OF 
 1 Joel Hanley              Jake Gardiner            60     1   2  2  
 2 Jakub Zboril             Jordan Gross             40     1   2  2  

Last Minutes Offensive
   Center                   Left Wing                Right Wing               Defense                  Defense                  
   Luke Kunin               Brendan Lemieux          Jordan Greenway          Radko Gudas              Jake Gardiner            

Last Minutes Defensive
   Center                   Left Wing                Right Wing               Defense                  Defense                  
   Luke Kunin               Brendan Lemieux          Jordan Greenway          Radko Gudas              Jake Gardiner            

Goaltenders
Starting : Sergei Bobrovsky         
Backup : Laurent Brossoit         

Extra Forwards
Normal : Jordan Greenway, Brendan Lemieux, Luke Kunin - PP : Luke Kunin, Brendan Lemieux - PK : Luke Kunin
Extra Defensemen
Normal : Jordan Gross, Joel Hanley, Jakub Zboril - PP : Jakub Zboril - PK : Joel Hanley, Jakub Zboril
Penalty Shots
Brendan Lemieux, Luke Kunin, Jordan Greenway, Matt Martin, Wayne Simmonds

Scratches
Carey Price (Healthy)

CALGARY Flames

5 vs 5 Forward 
   Center                   Left Wing                Right Wing               Time % Phy DF OF 
 1 Boone Jenner             Alex Newhook             Lawson Crouse            30     2   1  2  
 2 Charlie Coyle            Cole Perfetti            Daniel Sprong            30     1   1  3  
 3 Michael Rasmussen        Philipp Kurashev         Keegan Kolesar           25     2   1  2  
 4 Ty Dellandrea            Alexei Toropchenko       A.J. Greer               15     2   1  2  

5 vs 5 Defense 
   Defense                  Defense                                           Time % Phy DF OF 
 1 Quinn Hughes             Charlie McAvoy                                    40     1   2  2  
 2 Darnell Nurse            Jamie Oleksiak                                    30     2   2  1  
 3 Johnathan Kovacevic      Josh Brown                                        25     3   2  0  
 4 Darnell Nurse            Jamie Oleksiak                                    5      2   2  1  

PowerPlay Forward 
   Center                   Left Wing                Right Wing               Time % Phy DF OF 
 1 Boone Jenner             Lawson Crouse            Charlie Coyle            55     1   0  4  
 2 Michael Rasmussen        Alex Newhook             Daniel Sprong            45     1   0  4  

PowerPlay Defense
   Defense                  Defense                                           Time % Phy DF OF 
 1 Quinn Hughes             Charlie McAvoy                                    60     1   2  2  
 2 Darnell Nurse            Jamie Oleksiak                                    40     1   2  2  

Penalty Kill 4 Players Forward 
   Center                   Wing                     Time % Phy DF OF 
 1 Charlie Coyle            Lawson Crouse            50     1   3  1  
 2 Michael Rasmussen        Keegan Kolesar           50     2   3  0  

Penalty Kill 4 Players Defense
   Defense                  Defense                  Time % Phy DF OF 
 1 Darnell Nurse            Charlie McAvoy           60     1   2  2  
 2 Quinn Hughes             Jamie Oleksiak           40     1   2  2  

Penalty Kill - 3 Players Forward 
   Forward                                           Time % Phy DF OF 
 1 Charlie Coyle                                     50     1   4  0  
 2 Michael Rasmussen                                 50     1   4  0  

Penalty Kill - 3 Players Defense
   Defense                  Defense                  Time % Phy DF OF 
 1 Darnell Nurse            Charlie McAvoy           60     1   2  2  
 2 Quinn Hughes             Jamie Oleksiak           40     1   2  2  

4 vs 4 Forward 
   Center                   Wing                     Time % Phy DF OF 
 1 Boone Jenner             Lawson Crouse            50     2   1  2  
 2 Charlie Coyle            Daniel Sprong            50     1   1  3  

4 vs 4 Defense
   Defense                  Defense                  Time % Phy DF OF 
 1 Quinn Hughes             Charlie McAvoy           55     1   2  2  
 2 Darnell Nurse            Jamie Oleksiak           45     1   2  2  

Last Minutes Offensive
   Center                   Left Wing                Right Wing               Defense                  Defense                  
   Boone Jenner             Lawson Crouse            Charlie Coyle            Quinn Hughes             Charlie McAvoy           

Last Minutes Defensive
   Center                   Left Wing                Right Wing               Defense                  Defense                  
   Charlie Coyle            Michael Rasmussen        Lawson Crouse            Darnell Nurse            Charlie McAvoy           

Goaltenders
Starting : Stuart Skinner           
Backup : Jacob Markstrom          

Extra Forwards
Normal : Charlie Coyle, Boone Jenner, Michael Rasmussen - PP : Cole Perfetti, Michael Rasmussen - PK : Boone Jenner
Extra Defensemen
Normal : Jamie Oleksiak, Johnathan Kovacevic, Josh Brown - PP : Jamie Oleksiak - PK : Jamie Oleksiak, Johnathan Kovacevic
Penalty Shots
Alex Newhook, Boone Jenner, Quinn Hughes, Charlie McAvoy, Daniel Sprong

Scratches
Jacob Bryson (Healthy), Jake Muzzin (Healthy)

% Time on Ice - SEATTLE Kraken

Lines # - Real PCT - Wanted PCT - Time Play
Normal Forward
1 - 28% - 40% - 11:52
2 - 34% - 30% - 14:08
3 - 12% - 20% - 5:12
4 - 25% - 10% - 10:36
Normal Defense
1 - 41% - 40% - 17:12
2 - 34% - 30% - 14:04
3 - 23% - 20% - 9:35
4 - 2% - 10% - 0:57
PP Forward
1 - 47% - 60% - 3:07
2 - 53% - 40% - 3:27
PP Defense
1 - 61% - 60% - 4:02
2 - 39% - 40% - 2:32
PK Forward
1 - 67% - 60% - 6:19
2 - 33% - 40% - 3:09
PK Defense
1 - 56% - 60% - 5:20
2 - 44% - 40% - 4:08
PK3 Forward
1 - 76% - 60% - 1:22
2 - 24% - 40% - 0:26
PK3 Defense
1 - 29% - 60% - 0:31
2 - 71% - 40% - 1:17
44 Forward
1 - 100% - 60% - 0:22
2 - 0% - 40% - 0:00
44 Defense
1 - 0% - 60% - 0:00
2 - 100% - 40% - 0:22
Last Minute Offensive  - 0:00
Last Minute Defensive  - 0:00
Total
Forward - 60:00
Defense - 60:00

% Time on Ice - CALGARY Flames

Lines # - Real PCT - Wanted PCT - Time Play
Normal Forward
1 - 28% - 30% - 11:36
2 - 27% - 30% - 11:13
3 - 26% - 25% - 10:40
4 - 20% - 15% - 8:19
Normal Defense
1 - 38% - 40% - 16:01
2 - 33% - 30% - 13:38
3 - 28% - 25% - 11:43
4 - 1% - 5% - 0:26
PP Forward
1 - 60% - 55% - 6:47
2 - 40% - 45% - 4:29
PP Defense
1 - 54% - 60% - 6:07
2 - 46% - 40% - 5:09
PK Forward
1 - 52% - 50% - 3:24
2 - 48% - 50% - 3:10
PK Defense
1 - 61% - 60% - 4:02
2 - 39% - 40% - 2:32
PK3 Forward
1 - 0% - 50%
2 - 0% - 50%
PK3 Defense
1 - 0% - 60%
2 - 0% - 40%
44 Forward
1 - 100% - 50% - 0:22
2 - 0% - 50% - 0:00
44 Defense
1 - 100% - 55% - 0:22
2 - 0% - 45% - 0:00
Last Minute Offensive  - 0:00
Last Minute Defensive  - 0:00
Total
Forward - 60:00
Defense - 60:00

Play-by-Play

1st period


0:01 of 1st period - Luke Kunin wins face-off versus Boone Jenner in neutral zone.
0:46 of 1st period - Shot by Boone Jenner.
0:46 of 1st period - Deflect By Lawson Crouse.
0:46 of 1st period - Stopped by Sergei Bobrovsky without a rebound.
0:47 of 1st period - Matt Martin wins face-off versus Charlie Coyle in SEATTLE Kraken zone.
0:47 of 1st period - Matt Martin is hit by Charlie Coyle.
1:02 of 1st period - Cole Perfetti is hit by Jakub Zboril and loses puck.
1:25 of 1st period - Shot by Matty Beniers.
1:25 of 1st period - Shot Misses the Net.
1:56 of 1st period - Shot by Michael Rasmussen.
1:56 of 1st period - Shot Blocked by Joel Hanley.
1:58 of 1st period - Shot by Michael Rasmussen.
1:58 of 1st period - Stopped by Sergei Bobrovsky without a rebound.
1:59 of 1st period - Michael Rasmussen wins face-off versus Zack MacEwen in SEATTLE Kraken zone.
2:28 of 1st period - Shot by Brendan Lemieux.
2:28 of 1st period - Shot Blocked by Johnathan Kovacevic.
3:02 of 1st period - Icing by Wayne Simmonds.
3:03 of 1st period - Ty Dellandrea wins face-off versus Mathieu Olivier in SEATTLE Kraken zone.
3:03 of 1st period - Quinn Hughes is hit by Jordan Gross and loses puck.
3:53 of 1st period - Quinn Hughes is hit by Matt Martin and loses puck.
4:11 of 1st period - Lawson Crouse is hit by Liam O'Brien and loses puck.
4:15 of 1st period - Darnell Nurse is hit by Matt Martin and loses puck.
4:20 of 1st period - Shot by Darnell Nurse.
4:20 of 1st period - Shot Misses the Net.
4:22 of 1st period - Shot by Jamie Oleksiak.
4:22 of 1st period - Shot Misses the Net.
4:24 of 1st period - Shot by Darnell Nurse.
4:24 of 1st period - Shot Blocked by Arber Xhekaj.
4:26 of 1st period - Shot by Darnell Nurse.
4:26 of 1st period - Stopped by Sergei Bobrovsky without a rebound.
4:27 of 1st period - Luke Kunin wins face-off versus Charlie Coyle in SEATTLE Kraken zone.
4:27 of 1st period - Luke Kunin is hit by Charlie Coyle.
5:35 of 1st period - Jordan Greenway is hit by Darnell Nurse and loses puck.
5:53 of 1st period - Minor Penalty to Boone Jenner for Tripping.
5:54 of 1st period - Matty Beniers wins face-off versus Michael Rasmussen in CALGARY Flames zone.
6:56 of 1st period - Icing by Radko Gudas.
6:57 of 1st period - Luke Kunin wins face-off versus Charlie Coyle in SEATTLE Kraken zone.
7:04 of 1st period - Lawson Crouse is hit by Jordan Greenway and loses puck.
7:48 of 1st period - Icing by Jakub Zboril.
7:49 of 1st period - Matty Beniers wins face-off versus Charlie Coyle in SEATTLE Kraken zone.
7:54 of 1st period - Shot by Matt Martin.
7:54 of 1st period - Shot Blocked by Josh Brown.
7:56 of 1st period - Shot by Jordan Gross.
7:56 of 1st period - Shot Misses the Net.
8:25 of 1st period - Jordan Gross is hit by Johnathan Kovacevic and loses puck.
8:37 of 1st period - Icing by Josh Brown.
8:38 of 1st period - Ty Dellandrea wins face-off versus Mathieu Olivier in CALGARY Flames zone.
9:03 of 1st period - Shot by Mathieu Olivier.
9:03 of 1st period - Shot Blocked by Charlie McAvoy.
9:28 of 1st period - Charlie McAvoy is hit by Joel Hanley and loses puck.
9:40 of 1st period - Minor Penalty to Matt Martin for Roughing.
9:41 of 1st period - Boone Jenner wins face-off versus Brendan Lemieux in SEATTLE Kraken zone.
10:21 of 1st period - Shot by Darnell Nurse.
10:21 of 1st period - Shot Misses the Net.
10:23 of 1st period - Shot by Lawson Crouse.
10:23 of 1st period - Shot Misses the Net.
10:25 of 1st period - Shot by Boone Jenner.
10:25 of 1st period - Stopped by Sergei Bobrovsky without a rebound.
10:26 of 1st period - Michael Rasmussen wins face-off versus Brendan Lemieux in SEATTLE Kraken zone.
10:29 of 1st period - Shot by Quinn Hughes.
10:29 of 1st period - Shot Misses the Net.
10:31 of 1st period - Shot by Quinn Hughes.
10:31 of 1st period - Shot Misses the Net.
11:00 of 1st period - Icing by Alex Newhook.
11:01 of 1st period - Brendan Lemieux wins face-off versus Daniel Sprong in CALGARY Flames zone.
11:18 of 1st period - Shot by Quinn Hughes.
11:18 of 1st period - Shot Misses the Net.
11:47 of 1st period - Shot by Johnathan Kovacevic.
11:47 of 1st period - Deflect By A.J. Greer.
11:47 of 1st period - Stopped by Sergei Bobrovsky with a rebound.
11:50 of 1st period - Icing by Givani Smith.
11:51 of 1st period - Givani Smith wins face-off versus A.J. Greer in SEATTLE Kraken zone.
12:28 of 1st period - Shot by Alexei Toropchenko.
12:28 of 1st period - Shot Blocked by Wayne Simmonds.
12:30 of 1st period - Shot by Alexei Toropchenko.
12:30 of 1st period - Stopped by Sergei Bobrovsky without a rebound.
12:31 of 1st period - Matty Beniers wins face-off versus Boone Jenner in SEATTLE Kraken zone.
13:10 of 1st period - Shot by Liam O'Brien.
13:10 of 1st period - Stopped by Stuart Skinner without a rebound.
13:11 of 1st period - Charlie Coyle wins face-off versus Luke Kunin in CALGARY Flames zone.
13:31 of 1st period - Shot by Jordan Greenway.
13:31 of 1st period - Stopped by Stuart Skinner without a rebound.
13:32 of 1st period - Mathieu Olivier wins face-off versus Michael Rasmussen in CALGARY Flames zone.
13:34 of 1st period - Givani Smith is hit by Josh Brown and loses puck.
13:48 of 1st period - Givani Smith is hit by Josh Brown and loses puck.
13:58 of 1st period - Wayne Simmonds is hit by Johnathan Kovacevic and loses puck.
14:05 of 1st period - Shot by Wayne Simmonds.
14:05 of 1st period - Shot Blocked by Josh Brown.
14:20 of 1st period - Arber Xhekaj is hit by Johnathan Kovacevic and loses puck.
14:40 of 1st period - Luke Kunin is hit by Charlie McAvoy and loses puck.
14:44 of 1st period - Minor Penalty to Luke Kunin for Tripping.
14:45 of 1st period - Boone Jenner wins face-off versus Brendan Lemieux in SEATTLE Kraken zone.
14:45 of 1st period - Boone Jenner is hit by Jordan Gross.
14:57 of 1st period - Shot by Charlie McAvoy.
14:57 of 1st period - Shot Misses the Net.
14:59 of 1st period - Shot by Charlie McAvoy.
14:59 of 1st period - Shot Misses the Net.
15:01 of 1st period - Shot by Charlie McAvoy.
15:01 of 1st period - Stopped by Sergei Bobrovsky with a rebound.
15:55 of 1st period - Shot by Jamie Oleksiak.
15:55 of 1st period - Stopped by Sergei Bobrovsky without a rebound.
15:56 of 1st period - Michael Rasmussen wins face-off versus Ryan Kesler in SEATTLE Kraken zone.
16:15 of 1st period - Shot by Darnell Nurse.
16:15 of 1st period - Shot Misses the Net.
16:17 of 1st period - Shot by Jamie Oleksiak.
16:17 of 1st period - Stopped by Sergei Bobrovsky without a rebound.
16:18 of 1st period - Boone Jenner wins face-off versus Brendan Lemieux in SEATTLE Kraken zone.
16:18 of 1st period - Boone Jenner is hit by Jake Gardiner.
16:48 of 1st period - Shot by Ty Dellandrea.
16:48 of 1st period - Shot Misses the Net.
16:50 of 1st period - Shot by Ty Dellandrea.
16:50 of 1st period - Stopped by Sergei Bobrovsky with a rebound.
17:02 of 1st period - Shot by A.J. Greer.
17:02 of 1st period - Shot Misses the Net.
17:04 of 1st period - Shot by A.J. Greer.
17:04 of 1st period - Shot Misses the Net.
17:19 of 1st period - Minor Penalty to A.J. Greer for Interference.
17:20 of 1st period - Charlie Coyle wins face-off versus Luke Kunin in CALGARY Flames zone.
17:20 of 1st period - Charlie Coyle is hit by Luke Kunin.
17:30 of 1st period - Shot by Keegan Kolesar.
17:30 of 1st period - Stopped by Sergei Bobrovsky without a rebound.
17:31 of 1st period - Charlie Coyle wins face-off versus Matty Beniers in SEATTLE Kraken zone.
17:42 of 1st period - Shot by Charlie McAvoy.
17:42 of 1st period - Shot Misses the Net.
17:47 of 1st period - Joel Hanley is hit by Charlie McAvoy and loses puck.
17:54 of 1st period - Shot by Matt Martin.
17:54 of 1st period - Deflect By Matty Beniers.
17:54 of 1st period - Shot Misses the Net.
17:56 of 1st period - Shot by Radko Gudas.
17:56 of 1st period - Shot Misses the Net.
17:58 of 1st period - Shot by Matt Martin.
17:58 of 1st period - Stopped by Stuart Skinner without a rebound.
17:59 of 1st period - Michael Rasmussen wins face-off versus Luke Kunin in CALGARY Flames zone.
17:59 of 1st period - Michael Rasmussen is hit by Brendan Lemieux.
18:20 of 1st period - Icing by Luke Kunin.
18:21 of 1st period - Brendan Lemieux wins face-off versus Michael Rasmussen in SEATTLE Kraken zone.
18:37 of 1st period - Icing by Jordan Greenway.
18:38 of 1st period - Charlie Coyle wins face-off versus Luke Kunin in SEATTLE Kraken zone.
18:38 of 1st period - Charlie McAvoy is hit by Jakub Zboril and loses puck.
18:42 of 1st period - Icing by Jordan Greenway.
18:43 of 1st period - Luke Kunin wins face-off versus Lawson Crouse in SEATTLE Kraken zone.
18:43 of 1st period - Luke Kunin is hit by Charlie Coyle.
18:56 of 1st period - Minor Penalty to Jordan Greenway for Roughing.
18:57 of 1st period - Boone Jenner wins face-off versus Luke Kunin in SEATTLE Kraken zone.
19:00 of 1st period - Shot by Lawson Crouse.
19:00 of 1st period - Shot Misses the Net.
19:18 of 1st period - Shot by Liam O'Brien.
19:18 of 1st period - Stopped by Stuart Skinner without a rebound.
19:19 of 1st period - Michael Rasmussen wins face-off versus Brendan Lemieux in CALGARY Flames zone.
19:40 of 1st period - Shot by Michael Rasmussen.
19:40 of 1st period - Shot Misses the Net.
19:42 of 1st period - Shot by Darnell Nurse.
19:42 of 1st period - Stopped by Sergei Bobrovsky without a rebound.
19:43 of 1st period - Boone Jenner wins face-off versus Ryan Kesler in SEATTLE Kraken zone.
19:46 of 1st period - Shot by Quinn Hughes.
19:46 of 1st period - Stopped by Sergei Bobrovsky without a rebound.
19:47 of 1st period - Boone Jenner wins face-off versus Ryan Kesler in SEATTLE Kraken zone.
Goals for this period are 0 for SEATTLE Kraken vs 0 for CALGARY Flames.
Shots for this period are 4 for SEATTLE Kraken vs 13 for CALGARY Flames.

2nd period


0:01 of 2nd period - Boone Jenner wins face-off versus Brendan Lemieux in neutral zone.
0:08 of 2nd period - Shot by Lawson Crouse.
0:08 of 2nd period - Deflect By Boone Jenner.
0:08 of 2nd period - Goal by Boone Jenner - SEATTLE Kraken : 0 - CALGARY Flames : 1.
0:09 of 2nd period - Boone Jenner wins face-off versus Luke Kunin in neutral zone.
0:38 of 2nd period - Minor Penalty to Brendan Lemieux for Holding.
0:39 of 2nd period - Michael Rasmussen wins face-off versus Luke Kunin in SEATTLE Kraken zone.
0:40 of 2nd period - Shot by Darnell Nurse.
0:40 of 2nd period - Stopped by Sergei Bobrovsky without a rebound.
0:41 of 2nd period - Ryan Kesler wins face-off versus Michael Rasmussen in SEATTLE Kraken zone.
0:41 of 2nd period - Luke Kunin is hit by Alex Newhook and loses puck.
0:49 of 2nd period - Minor Penalty to Jakub Zboril for High sticking.
0:50 of 2nd period - Boone Jenner wins face-off versus Jordan Greenway in SEATTLE Kraken zone.
1:34 of 2nd period - Shot by Charlie Coyle.
1:34 of 2nd period - Stopped by Sergei Bobrovsky without a rebound.
1:35 of 2nd period - Michael Rasmussen wins face-off versus Jordan Greenway in SEATTLE Kraken zone.
2:11 of 2nd period - Shot by Alex Newhook.
2:11 of 2nd period - Stopped by Sergei Bobrovsky without a rebound.
2:12 of 2nd period - Luke Kunin wins face-off versus Boone Jenner in SEATTLE Kraken zone.
2:29 of 2nd period - Icing by Charlie Coyle.
2:30 of 2nd period - Jordan Greenway wins face-off versus Boone Jenner in CALGARY Flames zone.
2:53 of 2nd period - Darnell Nurse is hit by Liam O'Brien and loses puck.
3:49 of 2nd period - Philipp Kurashev is hit by Radko Gudas and loses puck.
4:35 of 2nd period - Minor Penalty to Givani Smith for Tripping.
4:36 of 2nd period - Boone Jenner wins face-off versus Jordan Greenway in SEATTLE Kraken zone.
4:46 of 2nd period - Icing by Quinn Hughes.
4:47 of 2nd period - Boone Jenner wins face-off versus Brendan Lemieux in CALGARY Flames zone.
4:47 of 2nd period - Boone Jenner is hit by Brendan Lemieux.
4:53 of 2nd period - Shot by Lawson Crouse.
4:53 of 2nd period - Shot Misses the Net.
4:55 of 2nd period - Shot by Charlie Coyle.
4:55 of 2nd period - Stopped by Sergei Bobrovsky with a rebound.
4:57 of 2nd period - Shot by Boone Jenner.
4:57 of 2nd period - Shot Blocked by Jakub Zboril.
5:46 of 2nd period - Alex Newhook is hit by Jakub Zboril and loses puck.
6:05 of 2nd period - Shot by Luke Kunin.
6:05 of 2nd period - Deflect By Brendan Lemieux.
6:05 of 2nd period - Shot Misses the Net.
7:04 of 2nd period - Shot by Wayne Simmonds.
7:04 of 2nd period - Shot Misses the Net.
7:51 of 2nd period - Josh Brown is hit by Radko Gudas and loses puck.
7:59 of 2nd period - Icing by Jake Gardiner.
8:00 of 2nd period - Matty Beniers wins face-off versus Charlie Coyle in SEATTLE Kraken zone.
8:34 of 2nd period - Shot by Charlie Coyle.
8:34 of 2nd period - Goal by Charlie Coyle - SEATTLE Kraken : 0 - CALGARY Flames : 2.
8:35 of 2nd period - Boone Jenner wins face-off versus Brendan Lemieux in neutral zone.
8:37 of 2nd period - Darnell Nurse is hit by Joel Hanley and loses puck.
8:56 of 2nd period - Jamie Oleksiak is hit by Jordan Greenway and loses puck.
9:05 of 2nd period - Off-side.
9:06 of 2nd period - Mathieu Olivier wins face-off versus Michael Rasmussen in neutral zone.
10:47 of 2nd period - Jakub Zboril is hit by Alex Newhook.
11:01 of 2nd period - Shot by Luke Kunin.
11:01 of 2nd period - Stopped by Stuart Skinner with a rebound.
11:06 of 2nd period - Luke Kunin is hit by Johnathan Kovacevic and loses puck.
11:34 of 2nd period - Jordan Greenway is hit by Johnathan Kovacevic and loses puck.
11:59 of 2nd period - Shot by Matty Beniers.
11:59 of 2nd period - Shot Misses the Net.
12:16 of 2nd period - Icing by Radko Gudas.
12:17 of 2nd period - Charlie Coyle wins face-off versus Matty Beniers in SEATTLE Kraken zone.
12:18 of 2nd period - Shot by Daniel Sprong.
12:18 of 2nd period - Shot Misses the Net.
12:43 of 2nd period - Off-side.
12:44 of 2nd period - Luke Kunin wins face-off versus Michael Rasmussen in neutral zone.
12:54 of 2nd period - Off-side.
12:55 of 2nd period - Ty Dellandrea wins face-off versus Luke Kunin in neutral zone.
13:57 of 2nd period - Minor Penalty to Matt Martin for High sticking.
13:58 of 2nd period - Ryan Kesler wins face-off versus Boone Jenner in SEATTLE Kraken zone.
14:23 of 2nd period - Shot by Lawson Crouse.
14:23 of 2nd period - Stopped by Sergei Bobrovsky without a rebound.
14:24 of 2nd period - Luke Kunin wins face-off versus Michael Rasmussen in SEATTLE Kraken zone.
14:43 of 2nd period - Jakub Zboril is hit by Michael Rasmussen and loses puck.
14:52 of 2nd period - Shot by Quinn Hughes.
14:52 of 2nd period - Stopped by Sergei Bobrovsky without a rebound.
14:53 of 2nd period - Boone Jenner wins face-off versus Jordan Greenway in SEATTLE Kraken zone.
15:00 of 2nd period - Shot by Darnell Nurse.
15:00 of 2nd period - Shot Misses the Net.
15:29 of 2nd period - Shot by Charlie Coyle.
15:29 of 2nd period - Shot Misses the Net.
15:33 of 2nd period - Shot by Darnell Nurse.
15:33 of 2nd period - Stopped by Sergei Bobrovsky without a rebound.
15:34 of 2nd period - Daniel Sprong wins face-off versus Brendan Lemieux in SEATTLE Kraken zone.
15:35 of 2nd period - Shot by Alex Newhook.
15:35 of 2nd period - Shot Misses the Net.
15:37 of 2nd period - Shot by Michael Rasmussen.
15:37 of 2nd period - Shot Misses the Net.
15:39 of 2nd period - Shot by Alex Newhook.
15:39 of 2nd period - Shot Misses the Net.
15:45 of 2nd period - Shot by Charlie McAvoy.
15:45 of 2nd period - Stopped by Sergei Bobrovsky with a rebound.
15:47 of 2nd period - Shot by Michael Rasmussen.
15:47 of 2nd period - Stopped by Sergei Bobrovsky without a rebound.
15:48 of 2nd period - Brendan Lemieux wins face-off versus Michael Rasmussen in SEATTLE Kraken zone.
15:48 of 2nd period - Brendan Lemieux is hit by Alex Newhook.
16:09 of 2nd period - A.J. Greer is hit by Radko Gudas and loses puck.
16:21 of 2nd period - Icing by Jake Gardiner.
16:22 of 2nd period - Matty Beniers wins face-off versus Boone Jenner in SEATTLE Kraken zone.
16:41 of 2nd period - Shot by Boone Jenner.
16:41 of 2nd period - Deflect By Alex Newhook.
16:41 of 2nd period - Shot Misses the Net.
16:48 of 2nd period - Alex Newhook is hit by Radko Gudas and loses puck.
16:58 of 2nd period - Alex Newhook is hit by Radko Gudas and loses puck.
17:24 of 2nd period - Icing by Jamie Oleksiak.
17:25 of 2nd period - Charlie Coyle wins face-off versus Luke Kunin in CALGARY Flames zone.
17:55 of 2nd period - Shot by Charlie Coyle.
17:55 of 2nd period - Deflect By Daniel Sprong.
17:55 of 2nd period - Shot Misses the Net.
17:57 of 2nd period - Shot by Jamie Oleksiak.
17:57 of 2nd period - Shot Misses the Net.
18:31 of 2nd period - Jordan Greenway is hit by Johnathan Kovacevic.
18:44 of 2nd period - Shot by Michael Rasmussen.
18:44 of 2nd period - Stopped by Sergei Bobrovsky without a rebound.
18:45 of 2nd period - Alex Newhook wins face-off versus Mathieu Olivier in SEATTLE Kraken zone.
18:45 of 2nd period - Alex Newhook is hit by Joel Hanley.
19:09 of 2nd period - Shot by Lawson Crouse.
19:09 of 2nd period - Shot Misses the Net.
19:11 of 2nd period - Shot by Charlie McAvoy.
19:11 of 2nd period - Stopped by Sergei Bobrovsky without a rebound.
19:12 of 2nd period - Ty Dellandrea wins face-off versus Matty Beniers in SEATTLE Kraken zone.
19:37 of 2nd period - Shot by Matt Martin.
19:37 of 2nd period - Shot Misses the Net.
19:41 of 2nd period - Shot by Matty Beniers.
19:41 of 2nd period - Stopped by Stuart Skinner with a rebound.
19:45 of 2nd period - Shot by Matty Beniers.
19:45 of 2nd period - Shot Misses the Net.
Goals for this period are 0 for SEATTLE Kraken vs 2 for CALGARY Flames.
Shots for this period are 2 for SEATTLE Kraken vs 13 for CALGARY Flames.

3rd period


0:01 of 3rd period - Brendan Lemieux wins face-off versus Charlie Coyle in neutral zone.
0:01 of 3rd period - Jordan Greenway is hit by Cole Perfetti and loses puck.
0:28 of 3rd period - Shot by Charlie Coyle.
0:28 of 3rd period - Shot Misses the Net.
0:30 of 3rd period - Shot by Cole Perfetti.
0:30 of 3rd period - Shot Misses the Net.
0:32 of 3rd period - Shot by Charlie Coyle.
0:32 of 3rd period - Stopped by Sergei Bobrovsky without a rebound.
0:33 of 3rd period - Boone Jenner wins face-off versus Matty Beniers in SEATTLE Kraken zone.
0:53 of 3rd period - Matt Martin is hit by Jamie Oleksiak and loses puck.
1:00 of 3rd period - Shot by Matty Beniers.
1:00 of 3rd period - Stopped by Stuart Skinner without a rebound.
1:01 of 3rd period - Michael Rasmussen wins face-off versus Zack MacEwen in CALGARY Flames zone.
1:01 of 3rd period - Michael Rasmussen is hit by Zack MacEwen.
1:31 of 3rd period - Shot by Michael Rasmussen.
1:31 of 3rd period - Stopped by Sergei Bobrovsky without a rebound.
1:32 of 3rd period - Matt Martin wins face-off versus Charlie Coyle in SEATTLE Kraken zone.
1:34 of 3rd period - Minor Penalty to Jakub Zboril for Tripping.
1:35 of 3rd period - Charlie Coyle wins face-off versus Brendan Lemieux in SEATTLE Kraken zone.
1:38 of 3rd period - Shot by Darnell Nurse.
1:38 of 3rd period - Stopped by Sergei Bobrovsky with a rebound.
1:54 of 3rd period - Shot by Charlie Coyle.
1:54 of 3rd period - Goal by Charlie Coyle - SEATTLE Kraken : 0 - CALGARY Flames : 3.
1:55 of 3rd period - Matty Beniers wins face-off versus Michael Rasmussen in neutral zone.
1:58 of 3rd period - Shot by Liam O'Brien.
1:58 of 3rd period - Shot Blocked by Quinn Hughes.
2:10 of 3rd period - Shot by Charlie McAvoy.
2:10 of 3rd period - Shot Hit the Post.
2:12 of 3rd period - Shot by Philipp Kurashev.
2:12 of 3rd period - Shot Misses the Net.
2:14 of 3rd period - Shot by Quinn Hughes.
2:14 of 3rd period - Shot Misses the Net.
2:16 of 3rd period - Shot by Michael Rasmussen.
2:16 of 3rd period - Stopped by Sergei Bobrovsky without a rebound.
2:17 of 3rd period - Luke Kunin wins face-off versus Boone Jenner in SEATTLE Kraken zone.
2:17 of 3rd period - Luke Kunin is hit by Boone Jenner.
3:35 of 3rd period - Shot by Charlie Coyle.
3:35 of 3rd period - Shot Misses the Net.
4:13 of 3rd period - Shot by Keegan Kolesar.
4:13 of 3rd period - Stopped by Sergei Bobrovsky with a rebound.
4:15 of 3rd period - Shot by Josh Brown.
4:15 of 3rd period - Goal by Josh Brown - SEATTLE Kraken : 0 - CALGARY Flames : 4.
4:16 of 3rd period - Zack MacEwen wins face-off versus Michael Rasmussen in neutral zone.
4:16 of 3rd period - Jake Gardiner is hit by Michael Rasmussen and loses puck.
4:21 of 3rd period - Shot by Philipp Kurashev.
4:21 of 3rd period - Stopped by Sergei Bobrovsky without a rebound.
4:22 of 3rd period - Michael Rasmussen wins face-off versus Luke Kunin in SEATTLE Kraken zone.
4:31 of 3rd period - Shot by Philipp Kurashev.
4:31 of 3rd period - Stopped by Sergei Bobrovsky without a rebound.
4:32 of 3rd period - Boone Jenner wins face-off versus Givani Smith in SEATTLE Kraken zone.
4:55 of 3rd period - Shot by Lawson Crouse.
4:55 of 3rd period - Shot Blocked by Jake Gardiner.
5:00 of 3rd period - Jake Gardiner is hit by Lawson Crouse and loses puck.
5:34 of 3rd period - Shot by Luke Kunin.
5:34 of 3rd period - Shot Misses the Net.
5:36 of 3rd period - Shot by Jakub Zboril.
5:36 of 3rd period - Stopped by Stuart Skinner without a rebound.
5:37 of 3rd period - Matty Beniers wins face-off versus Charlie Coyle in CALGARY Flames zone.
5:37 of 3rd period - Matt Martin is hit by Charlie McAvoy and loses puck.
6:24 of 3rd period - Icing by Charlie McAvoy.
6:25 of 3rd period - Charlie Coyle wins face-off versus Brendan Lemieux in CALGARY Flames zone.
6:25 of 3rd period - Charlie Coyle is hit by Brendan Lemieux.
6:38 of 3rd period - Icing by Radko Gudas.
6:39 of 3rd period - Michael Rasmussen wins face-off versus Jordan Greenway in SEATTLE Kraken zone.
6:57 of 3rd period - Radko Gudas is hit by Keegan Kolesar and loses puck.
7:56 of 3rd period - Shot by Boone Jenner.
7:56 of 3rd period - Shot Misses the Net.
7:59 of 3rd period - Icing by Jakub Zboril.
8:00 of 3rd period - Matty Beniers wins face-off versus Charlie Coyle in SEATTLE Kraken zone.
8:29 of 3rd period - Shot by Matty Beniers.
8:29 of 3rd period - Stopped by Stuart Skinner without a rebound.
8:30 of 3rd period - Mathieu Olivier wins face-off versus Boone Jenner in CALGARY Flames zone.
9:02 of 3rd period - Shot by Givani Smith.
9:02 of 3rd period - Deflect By Mathieu Olivier.
9:02 of 3rd period - Shot Misses the Net.
9:29 of 3rd period - Icing by Radko Gudas.
9:30 of 3rd period - Charlie Coyle wins face-off versus Zack MacEwen in SEATTLE Kraken zone.
9:31 of 3rd period - Shot by Jamie Oleksiak.
9:31 of 3rd period - Shot Misses the Net.
9:35 of 3rd period - Shot by Daniel Sprong.
9:35 of 3rd period - Goal by Daniel Sprong - SEATTLE Kraken : 0 - CALGARY Flames : 5.
9:36 of 3rd period - Charlie Coyle wins face-off versus Matty Beniers in neutral zone.
10:27 of 3rd period - Icing by Liam O'Brien.
10:28 of 3rd period - Boone Jenner wins face-off versus Matty Beniers in SEATTLE Kraken zone.
10:28 of 3rd period - Boone Jenner is hit by Arber Xhekaj.
11:12 of 3rd period - Shot by Brendan Lemieux.
11:12 of 3rd period - Shot Misses the Net.
11:47 of 3rd period - Jordan Gross is hit by Johnathan Kovacevic and loses puck.
11:52 of 3rd period - Shot by Wayne Simmonds.
11:52 of 3rd period - Shot Misses the Net.
11:54 of 3rd period - Shot by Wayne Simmonds.
11:54 of 3rd period - Stopped by Stuart Skinner with a rebound.
11:56 of 3rd period - Shot by Mathieu Olivier.
11:56 of 3rd period - Stopped by Stuart Skinner without a rebound.
11:57 of 3rd period - Charlie Coyle wins face-off versus Brendan Lemieux in CALGARY Flames zone.
13:34 of 3rd period - Charlie McAvoy is hit by Matt Martin and loses puck.
14:03 of 3rd period - Minor Penalty to Alexei Toropchenko for High sticking.
14:04 of 3rd period - Michael Rasmussen wins face-off versus Luke Kunin in CALGARY Flames zone.
14:04 of 3rd period - Michael Rasmussen is hit by Liam O'Brien.
14:11 of 3rd period - Icing by Jordan Greenway.
14:12 of 3rd period - Luke Kunin wins face-off versus Michael Rasmussen in SEATTLE Kraken zone.
14:12 of 3rd period - Luke Kunin is hit by Keegan Kolesar.
14:24 of 3rd period - Shot by Radko Gudas.
14:24 of 3rd period - Shot Misses the Net.
14:51 of 3rd period - Icing by Jakub Zboril.
14:52 of 3rd period - Charlie Coyle wins face-off versus Matty Beniers in SEATTLE Kraken zone.
14:52 of 3rd period - Charlie McAvoy is hit by Jakub Zboril and loses puck.
15:07 of 3rd period - Lawson Crouse is hit by Wayne Simmonds and loses puck.
16:00 of 3rd period - Shot by Radko Gudas.
16:00 of 3rd period - Stopped by Stuart Skinner with a rebound.
16:02 of 3rd period - Shot by Joel Hanley.
16:02 of 3rd period - Stopped by Stuart Skinner without a rebound.
16:03 of 3rd period - Ty Dellandrea wins face-off versus Luke Kunin in CALGARY Flames zone.
16:03 of 3rd period - Ty Dellandrea is hit by Brendan Lemieux.
16:06 of 3rd period - Icing by Josh Brown.
16:07 of 3rd period - Ty Dellandrea wins face-off versus Luke Kunin in CALGARY Flames zone.
16:12 of 3rd period - Shot by Josh Brown.
16:12 of 3rd period - Stopped by Sergei Bobrovsky with a rebound.
16:14 of 3rd period - Shot by Josh Brown.
16:14 of 3rd period - Stopped by Sergei Bobrovsky without a rebound.
16:15 of 3rd period - Luke Kunin wins face-off versus Michael Rasmussen in SEATTLE Kraken zone.
16:15 of 3rd period - Luke Kunin is hit by Keegan Kolesar.
16:20 of 3rd period - Joel Hanley is hit by Johnathan Kovacevic and loses puck.
16:27 of 3rd period - Shot by Brendan Lemieux.
16:27 of 3rd period - Stopped by Stuart Skinner without a rebound.
16:28 of 3rd period - Boone Jenner wins face-off versus Zack MacEwen in CALGARY Flames zone.
16:51 of 3rd period - Shot by Alex Newhook.
16:51 of 3rd period - Shot Blocked by Brendan Lemieux.
16:56 of 3rd period - Lawson Crouse is hit by Radko Gudas and loses puck.
17:07 of 3rd period - Shot by Boone Jenner.
17:07 of 3rd period - Stopped by Sergei Bobrovsky without a rebound.
17:08 of 3rd period - Charlie Coyle wins face-off versus Matty Beniers in SEATTLE Kraken zone.
17:08 of 3rd period - Charlie Coyle is hit by Arber Xhekaj.
17:52 of 3rd period - Off-side.
17:53 of 3rd period - Luke Kunin wins face-off versus Boone Jenner in neutral zone.
18:18 of 3rd period - Shot by Lawson Crouse.
18:18 of 3rd period - Shot Misses the Net.
18:20 of 3rd period - Shot by Lawson Crouse.
18:20 of 3rd period - Stopped by Sergei Bobrovsky without a rebound.
18:21 of 3rd period - Michael Rasmussen wins face-off versus Mathieu Olivier in SEATTLE Kraken zone.
19:00 of 3rd period - Minor Penalty to Keegan Kolesar for Boarding.
19:01 of 3rd period - Luke Kunin wins face-off versus Charlie Coyle in CALGARY Flames zone.
19:29 of 3rd period - Icing by Radko Gudas.
19:30 of 3rd period - Charlie Coyle wins face-off versus Luke Kunin in SEATTLE Kraken zone.
19:33 of 3rd period - Shot by Charlie McAvoy.
19:33 of 3rd period - Stopped by Sergei Bobrovsky without a rebound.
19:34 of 3rd period - Matty Beniers wins face-off versus Michael Rasmussen in SEATTLE Kraken zone.
Goals for this period are 0 for SEATTLE Kraken vs 3 for CALGARY Flames.
Shots for this period are 8 for SEATTLE Kraken vs 15 for CALGARY Flames. Output by the SimonT Hockey Simulator (STHS) for Martin Benoit - Original Page W3C HTML5 Valid
Hockey Simulator - Hockey Simulation - Hockey Manager